Map: Acropolis LE

Players

Monwar - Winner!

  • Race: Zerg Zerg
  • League: Master
  • Spawn Location: 5:00

Mez

  • Race: Terran Terran
  • League: Master
  • Spawn Location: 11:00

VOD

Have the link to the VOD?

Description

Time

  • Played on: July 28, 2019, 8:16 p.m.
  • Length: 16:47
Show
View Real Time Build Order
Export as new Build Order

Monwar Zerg - Winner!

Build Orders: Hatch First, Brood Lord Corruptor, Muta Ling Bane 

Get SALT Encoding   

  12  0:01  Drone  
  13  0:12  Overlord  
  13  0:17  Drone  
  14  0:23  Drone, Extractor  
  15  0:31  Drone  
  16  0:37  Drone  
  17  0:51  Hatchery  
  17  0:54  Drone  
  17  1:07  Spawning Pool  
  17  1:09  Drone  
  17  1:14  Extractor  
  17  1:15  Drone  
  17  1:20  Drone  
  18  1:30  Drone  
  19  1:42  Drone  
  20  1:53  Hatchery  
  19  1:58  Queen  
  21  2:04  Queen  
  23  2:08  Zergling x2  
  23  2:10  Zergling x2  
  25  2:18  Overlord  
  25  2:23  Metabolic Boost  
  25  2:28  Drone  
  26  2:30  Drone  
  27  2:37  Drone  
  28  2:46  Drone x3  
  28  2:47  Drone  
  32  2:52  Queen  
  34  3:05  Queen  
  34  3:06  Overlord  
  34  3:10  Drone x2  
  38  3:17  Drone x3  
  41  3:23  Overlord  
  41  3:25  Overlord  
  41  3:30  Drone x3  
  44  3:36  Drone  
  44  3:37  Drone x2  
  44  3:40  Queen  
  49  3:45  Drone  
  49  3:46  Drone  
  51  3:50  Drone  
  51  3:52  Drone x2  
  51  3:53  Drone  
  55  3:58  Drone x2  
  55  4:00  Evolution Chamber  
  56  4:03  Drone x4  
  59  4:11  Drone x3  
  62  4:21  Zergling x10  
  62  4:23  Overlord x2  
  66  4:25  Extractor  
  66  4:26  Extractor  
  66  4:27  Zergling x4, Extractor x2  
  66  4:28  Zergling x2, Extractor  
  69  4:39  Overlord  
  69  4:41  Zergling x2  
  69  4:42  Zergling x2  
  71  4:52  Zergling x2  
  67  4:54  Zergling x2  
  67  4:55  Zergling x6  
  67  4:58  Zergling x4  
  70  5:10  Zerg Ground Armor Level 1  
  70  5:11  Lair, Extractor  
  70  5:12  Extractor x2  
  67  5:15  Evolution Chamber, Zergling x10  
  67  5:16  Zergling x6  
  74  5:23  Hatchery  
  74  5:26  Drone x3  
  74  5:27  Drone, Hatchery  
  76  5:47  Zergling x2, Drone, Baneling Nest  
  76  5:48  Drone x5  
  76  5:49  Overlord  
  82  5:50  Overlord  
  82  6:05  Zerg Melee Weapons Level 1  
  82  6:07  Drone  
  82  6:08  Drone x3  
  82  6:09  Drone x2  
  87  6:12  Drone  
  87  6:13  Drone x3  
  90  6:37  Queen, Centrifical Hooks  
  90  6:39  Spire, Drone x11  
  105  6:40  Drone x3  
  105  6:41  Overlord  
  105  6:43  Overlord  
  105  6:44  Overlord  
  105  6:53  Baneling x10  
  105  6:54  Zergling x8, Baneling x3  
  106  6:55  Overlord  
  106  6:57  Overlord  
  106  6:59  Overlord  
  109  7:04  Drone x5  
  109  7:05  Queen, Extractor  
  115  7:19  Zergling x2  
  115  7:20  Zergling x26  
  115  7:21  Baneling  
  115  7:22  Zergling x2, Baneling x8  
  129  7:31  Zergling x4  
  129  7:32  Zergling x6  
  129  7:34  Zergling x2  
  129  7:35  Zergling x4, Spore Crawler x2  
  135  7:39  Zergling x4  
  135  7:40  Zergling x4  
  139  7:47  Zergling x4  
  139  7:48  Zergling x4  
  143  7:51  Zergling x2  
  143  7:54  Zergling x10  
  143  7:55  Zergling x2  
  120  8:09  Queen x3  
  120  8:12  Zerg Ground Armor Level 2, Extractor x2, Zerg Melee Weapons Level 2, Zerg Flyer Weapons Level 1  
  123  8:15  Zergling x12  
  123  8:16  Zergling x18  
  137  8:21  Drone  
  130  8:27  Extractor  
  129  8:44  Baneling x12  
  129  8:45  Overlord  
  129  8:57  Mutalisk x4  
  137  9:06  Mutalisk  
  139  9:12  Overlord, Drone x3  
  139  9:16  Infestation Pit  
  140  9:19  Overlord  
  140  9:20  Zergling x32  
  140  9:21  Zergling x4  
  158  9:28  Drone, Baneling x2, Zergling x2  
  158  9:29  Zergling x2  
  158  9:30  Zergling x8  
  158  9:31  Zergling x8  
  167  9:32  Zergling x2  
  167  9:33  Zergling x2  
  167  9:35  Baneling x10  
  167  9:36  Zergling x4  
  173  9:38  Baneling x3  
  173  9:42  Overlord x2  
  173  9:51  Overlord x2  
  154  10:05  Zergling x14  
  154  10:06  Zergling x16  
  155  10:10  Zerg Flyer Weapons Level 2  
  155  10:11  Mutalisk x6  
  162  10:24  Hive  
  161  10:38  Baneling  
  161  10:39  Baneling x12  
  159  10:46  Zergling x36  
  159  10:49  Zergling x4  
  165  10:51  Zergling x2  
  165  10:52  Baneling x10  
  165  10:53  Zergling x2, Baneling  
  165  10:54  Zergling x2  
  163  11:01  Zergling x6  
  157  11:05  Zergling x24  
  168  11:11  Zergling x2  
  168  11:12  Zergling x4  
  168  11:14  Baneling x13  
  168  11:15  Zergling x4, Baneling x5  
  168  11:16  Zergling x4  
  172  11:28  Zergling x2  
  163  11:34  Zergling x2  
  163  11:35  Zergling x26  
  163  11:37  Overlord x4  
  163  11:39  Baneling x14  
  173  11:40  Baneling x11  
  173  11:47  Zerg Melee Weapons Level 3  
  173  11:55  Hatchery  
  159  12:22  Zergling x6  
  149  12:23  Zergling x46  
  172  12:36  Zerg Ground Armor Level 3  
  166  12:41  Zergling x2  
  157  12:54  Extractor  
  157  12:57  Extractor  
  128  13:02  Zergling x8  
  128  13:03  Zergling x30  
  128  13:04  Zergling x14  
  143  13:13  Zergling x20  
  143  13:16  Baneling x5  
  143  13:17  Greater Spire, Baneling x6  
  143  13:19  Drone x2  
  155  13:20  Hatchery  
  155  13:23  Baneling x2  
  154  13:45  Baneling x5  
  154  13:46  Baneling x6  
  150  13:56  Corruptor x3  
  150  13:57  Corruptor x3  
  162  14:05  Zergling x2  
  162  14:06  Zergling x4  
  162  14:09  Baneling x5  
  157  14:25  Corruptor  
  157  14:26  Corruptor  
  157  14:30  Zergling x6  
  157  14:31  Zergling x24  
  171  14:32  Zergling x6  
  171  14:38  Brood Lord x5  
  181  14:39  Brood Lord  
  183  14:55  Overlord  
  183  14:59  Corruptor x2  
  182  15:00  Corruptor  
  188  15:12  Hatchery, Extractor  
  179  15:16  Extractor  
  150  15:37  Zergling x16  
  150  15:38  Zergling x28, Baneling  
  150  15:39  Baneling x24  
  166  15:47  Zergling x6  
  166  15:48  Zergling x4  
  167  15:57  Zergling x4  
  167  15:58  Zergling x14  
  167  16:04  Overlord  
  174  16:05  Overseer x2  
Show
View Real Time Build Order
Export as new Build Order

Mez Terran 

Build Orders: Reaper Expand 

Get SALT Encoding   

  12  0:00  SCV  
  13  0:13  SCV  
  14  0:17  Supply Depot  
  14  0:25  SCV  
  15  0:38  SCV  
  15  0:39  Barracks  
  16  0:45  Refinery  
  16  0:50  SCV  
  17  1:02  SCV  
  18  1:15  SCV  
  19  1:27  Reaper  
  19  1:28  Orbital Command  
  20  1:39  Command Center  
  20  1:52  Barracks  
  20  1:54  SCV  
  20  2:00  Barracks Reactor  
  21  2:08  Barracks  
  21  2:09  SCV  
  21  2:14  Supply Depot  
  22  2:21  SCV  
  23  2:37  Marine x2  
  23  2:38  SCV  
  26  2:48  Barracks Tech Lab  
  26  2:50  SCV  
  27  2:52  Orbital Command  
  27  2:56  Marine x3  
  30  3:04  SCV  
  31  3:07  Marine  
  32  3:17  Marine x3  
  32  3:18  SCV x2  
  36  3:25  Marine  
  37  3:29  Combat Shield  
  37  3:30  Supply Depot  
  37  3:31  SCV x2  
  39  3:34  Marine  
  39  3:36  Marine x2  
  42  3:43  Marine  
  43  3:51  Engineering Bay  
  43  3:52  Marine  
  43  3:54  SCV x2  
  46  3:57  Supply Depot  
  46  4:00  Marine x2  
  48  4:07  Command Center  
  48  4:11  Marine x2  
  48  4:13  SCV x2  
  52  4:17  Marine  
  52  4:18  Terran Infantry Weapons Level 1, Supply Depot  
  52  4:23  Marine  
  54  4:29  Marine x2  
  54  4:31  Refinery x2, SCV  
  56  4:32  SCV  
  56  4:35  Marine  
  59  4:43  SCV  
  59  4:44  SCV  
  59  4:55  Marine x3  
  59  4:56  Marine  
  59  4:59  Factory  
  60  5:00  Stimpack  
  60  5:03  SCV x2  
  62  5:14  Factory  
  62  5:16  SCV x2, Marine x3  
  62  5:17  Marine  
  62  5:20  Orbital Command  
  62  5:21  Barracks  
  68  5:22  Barracks  
  68  5:28  SCV x2  
  68  5:32  Supply Depot  
  68  5:34  Marine x2  
  72  5:36  Barracks Reactor  
  72  5:40  SCV x2  
  74  5:47  Orbital Command  
  74  5:51  Marine  
  74  5:52  Marine x2  
  74  5:56  SCV x2  
  79  6:00  Starport, Factory Reactor  
  79  6:09  Marine  
  79  6:10  Marine  
  81  6:12  SCV x3  
  81  6:14  Supply Depot  
  81  6:17  Marine  
  81  6:18  Marine x2  
  87  6:19  Barracks Reactor x2  
  87  6:22  Terran Infantry Armor Level 1  
  87  6:24  SCV x2  
  87  6:25  SCV  
  90  6:30  Marine x2  
  92  6:35  Marine  
  92  6:36  SCV x2  
  92  6:37  SCV  
  92  6:39  Command Center, Supply Depot  
  96  6:44  Supply Depot  
  96  6:48  SCV  
  96  6:49  SCV x2, Medivac  
  101  6:56  Marine x5, Medivac  
  101  7:00  Marine x4  
  101  7:01  SCV  
  113  7:03  Supply Depot  
  113  7:06  Supply Depot  
  113  7:10  Barracks  
  113  7:11  Barracks x2  
  113  7:14  Marine x5  
  118  7:19  Marine  
  118  7:20  Marine x3  
  118  7:22  Medivac  
  124  7:26  Medivac  
  124  7:28  Supply Depot  
  126  7:30  SCV x2  
  126  7:32  Refinery, Marine x3  
  126  7:33  Marine  
  126  7:35  Concussive Shells  
  132  7:44  Supply Depot  
  132  7:55  Marine  
  132  7:56  Marine x8  
  132  7:57  Medivac x2  
  99  8:15  Marine x9, Barracks Tech Lab x3  
  108  8:26  Medivac  
  108  8:27  Medivac  
  112  8:33  Marine x5  
  117  8:36  Barracks x2  
  117  8:37  SCV x3, Barracks  
  117  8:38  Barracks  
  117  8:41  Marine x4, Marauder x2  
  125  8:42  Marauder  
  125  8:44  Planetary Fortress  
  130  8:49  SCV x3  
  130  8:51  Marine  
  134  8:56  Supply Depot x2  
  134  8:58  Supply Depot  
  134  9:00  Marauder  
  134  9:01  SCV x2  
  134  9:02  Engineering Bay, Armory  
  140  9:03  Marauder  
  140  9:09  Marine  
  144  9:10  Marine x7, Marauder x2  
  152  9:23  Marine x3, Marauder  
  157  9:24  Missile Turret  
  157  9:27  Marine  
  157  9:28  Missile Turret  
  157  9:29  Missile Turret  
  157  9:31  Missile Turret, Marauder  
  160  9:49  Marine  
  160  9:50  Marine x8, Marauder  
  160  9:51  Marine, Marauder x2  
  178  9:52  Marauder  
  129  10:07  Marine x7  
  129  10:08  Marine x5  
  129  10:09  Factory Reactor  
  129  10:10  Medivac x2  
  129  10:11  Marine  
  129  10:12  Marauder x2  
  150  10:24  Marine  
  150  10:25  Marine x8  
  150  10:26  Marine  
  160  10:32  Marine  
  160  10:33  Marauder  
  160  10:35  Marine x4  
  164  10:39  Terran Infantry Weapons Level 2  
  164  10:41  Marine  
  168  10:42  Marine  
  168  10:43  Marine x2  
  168  10:45  Terran Infantry Armor Level 2  
  168  10:47  Marine x3  
  168  10:48  Marine x3  
  165  10:50  Marine  
  165  10:53  Marine x4  
  165  10:54  Marine  
  167  10:59  Marine  
  167  11:00  Marine x2  
  167  11:01  Marine  
  137  11:05  Marine x6, Liberator x2  
  137  11:08  Marine  
  137  11:11  Marine x4  
  141  11:12  Marine  
  141  11:17  Marine  
  141  11:18  Marine x3  
  146  11:23  Marine x6  
  146  11:24  Widow Mine x2  
  164  11:26  Marine  
  164  11:28  Marine  
  152  11:35  Marine x3  
  152  11:36  Marine x3, Marauder  
  154  11:42  Command Center  
  154  11:48  Command Center  
  154  11:49  Widow Mine x2, Marine x7  
  165  11:55  Terran Vehicle And Ship Armor Level 1  
  165  12:07  Marine  
  165  12:08  Marauder  
  165  12:22  Marine x7  
  127  12:23  Marine x2, Marauder x3  
  127  12:27  SCV  
  127  12:28  SCV x3  
  136  12:31  Widow Mine x2  
  136  12:32  Liberator x2  
  138  12:39  SCV  
  138  12:40  SCV  
  140  12:46  SCV  
  140  12:48  SCV  
  126  12:51  SCV  
  126  12:52  SCV  
  126  12:53  Marine  
  126  12:55  Marine x11  
  112  12:58  SCV  
  112  13:00  SCV  
  94  13:08  Marine x2  
  94  13:09  SCV x2  
  94  13:10  SCV  
  95  13:12  SCV  
  95  13:19  Orbital Command  
  94  13:21  SCV x2, Marine  
  94  13:22  Terran Infantry Weapons Level 3  
  94  13:25  SCV x2  
  99  13:33  SCV x2  
  101  13:38  Marine x9  
  101  13:39  Marauder  
  101  13:40  Marauder  
  114  13:47  Marine x2  
  114  13:48  Marine x3  
  118  13:55  Marine  
  118  13:56  Marine x4  
  120  14:04  Widow Mine x2  
  120  14:05  Marine x4  
  120  14:08  SCV  
  120  14:09  Missile Turret, SCV x3  
  129  14:11  Medivac  
  129  14:12  Medivac  
  129  14:15  Marine x2  
  130  14:20  SCV  
  130  14:21  SCV  
  127  14:33  Marine x14  
  141  14:41  Medivac  
  143  15:00  Widow Mine x2  
  120  15:23  Marine x10  
  95  15:30  Marine  
  95  15:31  Marine x5  
  89  15:36  SCV x5  
  89  15:38  Planetary Fortress  
  89  15:41  Marine x6  
  89  15:47  Marine x4  
  89  15:48  SCV x3, Marine x4  
  89  15:49  Marine x2  
  99  15:58  Marine  
  99  15:59  Marine  
  99  16:02  SCV x4  
  99  16:03  SCV  
  102  16:11  Marine x5  
  102  16:14  SCV x2  
  102  16:15  SCV x2  
  102  16:16  Orbital Command  
Tags
 
Add a new tag
Caveats
  • Supply blocks, unpowered buildings, or Contaminate may cause inaccurate times.
  • Supply counts are checked every 10 seconds.